 Dungeon Crawl Stone Soup version 0.23.2-1-ga50397a (webtiles) character file.

Game seed: 17002792132605988682

294 Fang the Skirmisher (level 6, -5/39 HPs)
             Began as a Gargoyle Berserker on May 17, 2019.
             Was a Priest of Trog.
             Slain by a river rat (6 damage)
             ... in a sewer.
             The game lasted 00:04:26 (3623 turns).

Fang the Skirmisher (Gargoyle Berserker)            Turns: 3623, Time: 00:04:26

Health: -5/39      AC:  6    Str: 23    XL:     6   Next: 33%
Magic:  6/6        EV:  9    Int:  7    God:    Trog [***...]
Gold:   148        SH:  0    Dex:  9    Spells: 5/5 levels left

rFire    . . .     SeeInvis .   a - +0 hand axe
rCold    . . .     Gourm    .   (no shield)
rNeg     + . .     Faith    .   b - +0 animal skin
rPois    ∞         Spirit   .   (no helmet)
rElec    +         Reflect  .   (no cloak)
rCorr    .         Harm     .   (no gloves)
MR       .....                  (no boots)
Stlth    +.........             (no amulet)
HPRegen  0.13/turn              (no ring)
MPRegen  0.10/turn              (no ring)

@: berserk cooldown, slowed, constricted, very slow
A: negative energy resistance 1, electricity resistance, unbreathing,
petrification resistance, rot immunity, AC +4
a: Berserk, Trog's Hand, Renounce Religion


You were in a sewer.
You worshipped Trog.
Trog was most pleased with you.
You were near starving.

You visited 1 branch of the dungeon, and saw 3 of its levels.
You also visited: Sewer.

You collected 148 gold pieces.

Inventory:

Hand Weapons
 a - a +0 hand axe (weapon)
Armour
 b - a +0 animal skin (worn)
Scrolls
 e - a scroll of immolation {unknown}
 f - 6 scrolls of identify {unknown}
 k - 2 scrolls of remove curse {unknown}
 l - a scroll of teleportation {unknown}
 m - a scroll of enchant weapon {unknown}
 n - a scroll of enchant armour {unknown}
 o - a scroll of amnesia {unknown}
Potions
 d - a potion of might {unknown}
 g - a potion of degeneration {unknown}
 h - a potion of mutation {unknown}
 i - a potion of curing {unknown}
 j - a potion of flight {unknown}
 p - a potion of heal wounds {unknown}
 q - 3 potions of magic {unknown}
Comestibles
 c - 9 rations


   Skills:
 + Level 4.6 Fighting
 + Level 3.9 Axes
 + Level 4.0 Armour
 + Level 3.0 Dodging


You had 5 spell levels left.
You didn't know any spells.
Your spell library was empty.

Dungeon Overview and Level Annotations

Branches:
Dungeon (3/15)

Altars:
Hepliaklqana
Makhleb
Nemelex Xobeh
Ru
Uskayaw
The Shining One


Innate Abilities, Weirdness & Mutations

You are resistant to torment.
Your stone body is resilient. (AC +4)
You are immune to poison.
You resist negative energy. (rN+)
You are resistant to electric shocks. (rElec)
You can survive without breathing.
You are immune to petrification.
You are immune to rotting.


Message History

The adder bites you but does no damage.
You see here a river rat corpse.
You escape the ball python's grasp.
The adder misses you. The ball python completely misses you.
The ball python closely misses you. The adder closely misses you.
The ball python closely misses you. x2
The ooze jiggles.
The river rat bites you.
* * * LOW HITPOINT WARNING * * *
You see here a rat corpse.
Your skin stops crawling.
You feel less resistant to hostile enchantments.
The adder bites you.
* * * LOW HITPOINT WARNING * * *
The ball python bites you.
* * * LOW HITPOINT WARNING * * *
The ball python grabs you. The ball python constricts you.
The river rat barely misses you. The adder bites you but does no damage.
The ball python barely misses you. The ball python constricts you.
The river rat bites you.
You die...

#..'... #..#... ####...
####################....
###.#≈≈≈≈≈#.≈≈≈≈≈≈≈≈......
##....≈≈≈≈≈...≈≈≈≈≈≈≈......
#.....≈≈≈≈≈.(.≈≈≈≈≈≈≈......
#.....≈%†r≈.).≈≈≈≈≈≈≈.....#
#.....≈†JS@...≈≈≈≈≈≈≈....##
#.....#≈≈≈S≈≈≈≈≈≈≈≈≈≈≈#.###
#....####################
#...# ...# ... ..


You could see an ooze, an adder, a river rat and a ball python.

Vanquished Creatures
  An orc wizard (D:3)
  A worker ant (D:2)
  7 adders
  5 river rats (Sewer)
  An ooze (D:2)
  5 dart slugs
  2 leopard geckos
  5 orcs (D:3)
  2 giant cockroaches
  7 goblins
  7 hobgoblins
  11 jackals
  13 kobolds
  4 quokkas
  6 ball pythons
  9 bats
  8 frilled lizards
  29 rats
123 creatures vanquished.

Notes
Turn   | Place    | Note
-------+----------+-------------------------------------------
     0 | D:1      | Fang the Gargoyle Berserker began the quest for the Orb.
     0 | D:1      | Reached XP level 1. HP: 14/14 MP: 1/1
   269 | D:1      | Reached XP level 2. HP: 14/19 MP: 2/2
   605 | D:1      | Reached XP level 3. HP: 18/23 MP: 3/3
   780 | D:1      | Reached ** piety under Trog
  1186 | D:2      | Noticed a +0 dagger
  1188 | D:2      | Found a hide-covered altar of Uskayaw.
  1188 | D:2      | Noticed a +0 hand axe
  1282 | D:2      | Reached XP level 4. HP: 20/29 MP: 4/4
  1377 | D:2      | Found a hazy altar of Hepliaklqana.
  1505 | D:2      | Found a glowing golden altar of the Shining One.
  1520 | D:2      | Found a burning altar of Makhleb.
  1741 | D:2      | Reached XP level 5. HP: 30/33 MP: 5/5
  2028 | D:3      | Reached *** piety under Trog
  2188 | D:3      | Found a sacrificial altar of Ru.
  2313 | D:3      | Found a sparkling altar of Nemelex Xobeh.
  2501 | D:3      | Found a glowing drain.
  2515 | Sewer    | Entered a sewer
  2882 | Sewer    | Reached XP level 6. HP: 37/39 MP: 6/6
  3608 | Sewer    | Reached **** piety under Trog
  3623 | Sewer    | HP: 1/39 [ball python (1)]
  3623 | Sewer    | Slain by a river rat

Skill      XL: |  1  2  3  4  5  6 |
---------------+-------------------+-----
Axes           | 3 |  3.9
Dodging        | 2 3 |  3.0
Armour         | 3 4 |  4.0
Fighting       | 4 |  4.6

Action                   |  1- 3 |  4- 6 || total
-------------------------+-------+-------++-------
Melee: Hand axe          |   122 |   292 ||   414
Invok: Berserk           |       |     3 ||     3
       Trog's Hand       |       |     1 ||     1
 Stab: Sleeping          |     1 |     1 ||     2
       Paralysed         |       |     2 ||     2
       Invisible         |       |     1 ||     1
  Eat: Chunk             |     1 |    10 ||    11
Armor: Animal skin       |    46 |   156 ||   202
Dodge: Dodged            |    99 |   299 ||   398
